 Dungeon Sprint DCSS version 0.30-a0-883-g5ad918d77d (webtiles) character file.

Game seed: 15995557371824249899

793 dialectric the Basher (level 7, -4/52 HPs)
             Began as a Gargoyle Berserker on Mar 16, 2023.
             Was an Elder of Trog.
             Engulfed by a cloud of freezing vapour (18 damage)
             ... in the Dungeon (Sprint II: "The Violet Keep of Menkaure").
             The game lasted 00:02:36 (500 turns).

dialectric the Basher (Gargoyle Berserker)           Turns: 500, Time: 00:02:37

Health: -4/52      AC: 10    Str: 21    XL:     7   Next: 88%
Magic:  7/7        EV: 13    Int:  7    God:    Trog [****..]
Gold:   346        SH:  0    Dex: 13    Spells: 6/6 levels left

rFire   . . .      SeeInvis .    a - +0 mace
rCold   . . .      Faith    .    (no shield)
rNeg    + . .      Spirit   .    j - +1 leather armour "Atysiate" {Dex+2}
rPois   ∞          Reflect  .    (no helmet)
rElec   +          Rampage  .    i - +0 cloak {Stlth+}
rCorr   .          NoTele   +    (no gloves)
Will    .....                    (no boots)
Stlth   ++                       (no amulet)
HPRegen 0.28/turn                (no ring)
MPRegen 0.10/turn                (no ring)

@: no status effects
A: sickness immunity, AC +4, negative energy resistance 1, electricity
resistance, torment resistance 1, petrification resistance
a: Renounce Religion, Berserk, Trog's Hand, Brothers in Arms


You were in the Dungeon.
You worshipped Trog.
Trog was greatly pleased with you.
You visited 1 branch You collected 729 gold pieces.
You spent 383 gold pieces at shops.

Inventory:

Hand Weapons
 a - a +0 mace (weapon)
Armour
 b - a +0 animal skin
 i - a +0 cloak of stealth (worn)
 j - the +1 leather armour "Atysiate" (worn) {Dex+2}
   (You bought it in a shop in the Dungeon)

   Dex:       It affects your dexterity (+2).
Scrolls
 h - a scroll of blinking
Potions
 c - a potion of curing
 d - a potion of heal wounds
 e - a potion of haste
 f - 2 potions of magic
 g - a potion of berserk rage


   Skills:
 + Level 10.1 Fighting
 * Level 12.3 Maces & Flails
 + Level 6.2 Armour
 + Level 5.0 Dodging
 - Level 1.0 Stealth


You had 6 spell levels left.
You didn't know any spells.
Your spell library was empty.

Dungeon Overview and Level Annotations

Branches:
Dungeon (1/1)

Altars:
Cheibriados
Dithmenos
Hepliaklqana
Qazlal
Jiyva

Shops:
D :[:!!?![=:[[(=!

Annotations:
D exclusions: ice statue and oklob plant, Kirke


Innate Abilities, Weirdness & Mutations

You are immune to sickness and miasma.
Your stone body is resilient. (AC +4)
You are immune to poison.
You resist negative energy. (rN+)
You are resistant to electric shocks. (rElec)
You are resistant to unholy torment.
You are immune to petrification.


Message History

The flying skull gives a hideous shriek!
Really walk into a travel-excluded area?
Uppercase [Y]es or [N]o only, please.
Really walk into a travel-excluded area?
You feel yourself speed up.
You're standing in a cloud of steam!
Unknown command.
You're standing in a cloud of steam!
Found a roughly hewn altar of Beogh.
You are engulfed in a cloud of scalding steam.
* * * LOW HITPOINT WARNING * * *
Unknown command.
Found a hazy altar of Hepliaklqana and a snail-covered altar of Cheibriados.
Found three altars.
You start resting.
You recover from your berserk rage.
You start resting.
You are engulfed in a cloud of scalding steam.
* * * LOW HITPOINT WARNING * * *
Unknown command.
You start resting.
You're standing in a cloud of steam!
You're standing in a cloud of steam!
Unknown command.
Stopped running for exclusion.
You open the gate.
You are engulfed in freezing vapours.
You are engulfed in freezing vapours.
* * * LOW HITPOINT WARNING * * *
As you close the door, it creaks loudly!
Really walk into a travel-excluded area?
Okay, then.
Kirke, a yaktaur captain and a kobold demonologist come into view.
A centaur warrior comes into view.
The yaktaur captain shouts!
You hear a trumpeting!
The kobold demonologist casts a spell.
The ice statue glitters chillingly in the dim dungeon light.
You open the door.
Really walk into a travel-excluded area?
You are engulfed in freezing vapours.
You die...

####+#### ##≈≈≈≈☼○≈##
##≈≈≈≈≈☼☼≈≈## # +°°≈≈≈8°°≈≈°#
.c####≈°≈○≈○≈○°# Kc5~##≈≈≈≈≈°○#
##########~~#+++#'''##
#########~~~.....☼...#
........#~~~~.##@##..#
...⌠....#~~~~##☼#○##.####
..∩.∩...#~~~~#..#..#....#
.∩...∩..#~~####...####..##
∩.∩.∩.∩.#~##.###'## .##..#
.∩...∩.∩#~#.####.##.B$#..#
∩.....∩.'~'##.'.<.+# +..###
.......∩#~#...##.##.B.#....###.
▓▓▓▓▓▓###~##.###'##
.##......~~~~


You could see an ice statue.

Vanquished Creatures
  A vampire mosquito (D)
  Menkaure (D)
  A water moccasin (D)
  4 necrophages (D)
  4 scorpions (D)
  3 worms (D)
14 creatures vanquished.

Notes
Turn   | Place    | Note
-------+----------+-------------------------------------------
     0 | D        | dialectric the Gargoyle Berserker began the quest for the
                  | Orb.
     0 | D        | Reached XP level 1. HP: 14/14 MP: 1/1
    11 | D        | Reached XP level 2. HP: 19/20 MP: 2/2
    37 | D        | Found Qiowkust's Jewellery Boutique.
    37 | D        | Found Xiulyive's Antique Armour Shop.
    37 | D        | Found Deujism's Jewellery Boutique.
    37 | D        | Found Iruirgh's Book Boutique.
    37 | D        | Found Hag Roch's Antique Armour Shop.
    38 | D        | Found Xaeriri's Distillery.
    38 | D        | Found Rotwios's Antique Armour Shop.
    45 | D        | Reached ** piety under Trog
    55 | D        | Noticed a scorpion
    55 | D        | Noticed a scorpion
    55 | D        | Noticed a scorpion
    55 | D        | Noticed a scorpion
    63 | D        | Killed a scorpion
    64 | D        | Reached skill level 5 in Fighting
    64 | D        | Reached skill level 5 in Maces & Flails
    64 | D        | Reached XP level 3. HP: 27/27 MP: 3/3
    64 | D        | Reached XP level 4. HP: 32/32 MP: 4/4
    67 | D        | Killed a scorpion
    68 | D        | Reached skill level 6 in Maces & Flails
    68 | D        | Reached XP level 5. HP: 37/37 MP: 5/5
    70 | D        | Reached skill level 7 in Maces & Flails
    73 | D        | Reached *** piety under Trog
    74 | D        | Reached skill level 8 in Maces & Flails
    74 | D        | Reached XP level 6. HP: 44/44 MP: 6/6
    76 | D        | Noticed a boulder beetle
    76 | D        | Noticed a boulder beetle
   113 | D        | Reached skill level 9 in Maces & Flails
   118 | D        | Reached skill level 5 in Dodging
   129 | D        | Reached skill level 10 in Maces & Flails
   129 | D        | Reached skill level 5 in Armour
   137 | D        | Reached **** piety under Trog
   138 | D        | Reached XP level 7. HP: 21/51 MP: 7/7
   143 | D        | Noticed an ice statue
   145 | D        | Noticed Menkaure
   151 | D        | Killed Menkaure
   152 | D        | Reached skill level 11 in Maces & Flails
   153 | D        | Found Nenwam's Antique Weapon Boutique.
   170 | D        | Found Heimumas's Distillery.
   170 | D        | Found Huytatz's Magic Scroll Boutique.
   170 | D        | Noticed a hell hog
   170 | D        | Noticed a hell hog
   172 | D        | Found Pesor's Distillery.
   172 | D        | Found Dytaof's Distillery.
   172 | D        | Noticed an oklob plant
   172 | D        | Noticed a polar bear
   173 | D        | Found Rukhuusm's Antique Armour Shop.
   173 | D        | Found Oghefu's Book Boutique.
   173 | D        | Found Cycelak's Book Shoppe.
   173 | D        | Noticed a polar bear
   302 | D        | Noticed a cane toad
   304 | D        | Noticed a cane toad
   320 | D        | Bought an embroidered cloak for 180 gold pieces
   329 | D        | Bought a transparent leather armour for 203 gold pieces
   329 | D        | Identified the +1 leather armour "Atysiate" {Dex+2} (You
                  | bought it in a shop in the Dungeon)
   347 | D        | Noticed a vampire mosquito
   363 | D        | Killed a vampire mosquito
   364 | D        | Reached skill level 10 in Fighting
   364 | D        | Reached skill level 12 in Maces & Flails
   364 | D        | Reached skill level 1 in Stealth
   379 | D        | Noticed a flying skull
   379 | D        | Noticed a flying skull
   379 | D        | Noticed a flying skull
   379 | D        | Noticed a flying skull
   379 | D        | Noticed a flying skull
   379 | D        | Noticed a flying skull
   379 | D        | Noticed a flying skull
   379 | D        | Noticed a flying skull
   380 | D        | Noticed a flying skull
   380 | D        | Noticed a flying skull
   381 | D        | Noticed a flying skull
   383 | D        | Noticed a flying skull
   390 | D        | Found a hazy altar of Hepliaklqana.
   390 | D        | Found a snail-covered altar of Cheibriados.
   391 | D        | Found a stormy altar of Qazlal.
   391 | D        | Found a viscous altar of Jiyva.
   391 | D        | Found a shadowy altar of Dithmenos.
   495 | D        | Noticed Kirke
   495 | D        | Noticed a yaktaur captain
   495 | D        | Noticed a kobold demonologist
   496 | D        | Noticed a centaur warrior
   500 | D        | Engulfed by a cloud of freezing vapour

Illustrated notes

Levels and vault maps discovered:
D:        the_violet_keep_of_menkaure [sprint2_stairs_cluster_1,
          sprint2_shoproom, sprint2_temple, sprint2_basic_supplies,
          sprint2_obstacle_1, sprint2_obstacle_3, sprint2_obstacle_2,
          sprint2_obstacle_6, sprint2_obstacle_4, sprint2_timed_cluster_1,
          sprint2_smallroom_cluster_1, sprint2_smallroom_final_cluster_1,
          sprint2_transparent_cluster_1, sprint2_second_timed_cluster_1,
          sprint2_sniper_area_1, sprint2_heavy_combat_area_1,
          sprint2_mutation_trap_area_1, sprint2_forest_area_1,
          sprint2_light_combat_area_1, sprint2_behind_water_1,
          sprint2_near_end_vault_1]

Skill      XL: |  1  2  3  4  5  6  7 |
---------------+----------------------+-----
Fighting       | 4 5 6 8 9 10 | 10.1
Dodging        | 2 3 4 5 |  5.0
Maces & Flails | 5 6 8 10 12 | 12.3
Armour         | 3 4 5 6 |  6.2
Stealth        | 1 |  1.0

Action                     |  1- 3 |  4- 6 |  7- 9 || total
---------------------------+-------+-------+-------++-------
  Melee: Mace              |    18 |    41 |    21 ||    80
         Punch             |       |     1 |       ||     1
 Invoke: Berserk           |     2 |       |     2 ||     4
 Armour: Animal skin       |     2 |     6 |     2 ||    10
         Leather armour    |       |       |     6 ||     6
  Dodge: Dodged            |     5 |    12 |    16 ||    33

Table legend: (Time is in decaauts)
 A = Elapsed time spent in this place.
 B = Non-inter-level travel time spent in this place.
 C = Inter-level travel time spent in this place.
 D = Time resting spent in this place.
 E = Time spent auto-exploring this place.
 F = Levels seen in this place.
 G = Mean time per level.
                   A        B        C        D        E       F      G
               +--------+--------+--------+--------+--------+-----+--------+
         Total |    546 |    546 |      0 |    155 |    116 |   1 |  546.0 |
       Dungeon |    546 |    546 |      0 |    155 |    116 |   1 |  546.0 |
               +--------+--------+--------+--------+--------+-----+--------+

Top non-repeatable levels by time:
       D: 546 daAuts
